| TOP OF THE 1ST |
|
California Angels batting - Pitching for Oakland Athletics : RHP Doug Bird
|
|
Pitching: RHP Doug Bird
|
|
|
Batting: RHB Frank White
|
0-0: Called Strike 0-1: Ball 1-1: SINGLE (Groundball, 56S, EV 65.0 MPH) (infield hit)
|
|
Batting: LHB John Milner
|
0-0: Called Strike 0-1: Called Strike 0-2: Ball 1-2: Foul Ball, location: 2F 1-2: Ball 2-2: Ball 3-2: Strikes out swinging
|
|
Batting: LHB Jason D Thompson
|
0-0: Called Strike Frank White steals 2nd base 0-1: SINGLE (Groundball, P, EV 81.3 MPH) (infield hit) Frank White to third
|
|
Batting: LHB Ralph Garr
|
0-0: SINGLE (Flyball, 8LS, EV 91.9 MPH) Frank White scores Jason D Thompson to second Runner from 2nd tries for 3rd, SAFE, no throw by CF
|
|
Batting: RHB Jeff Atherton
|
0-0: Ball 1-0: Grounds into double play, 6-4-3 (Groundball, 6, EV 93.8 MPH)
|
| Top of the 1st over - 1 run, 3 hits, 0 errors, 1 left on base; California 1 - Oakland 0 |
| BOTTOM OF THE 1ST |
|
Oakland Athletics batting - Pitching for California Angels : RHP Raimundo Michel
|
|
Pitching: RHP Raimundo Michel
|
|
|
Batting: RHB Scott Fletcher
|
0-0: Ball 1-0: Ball 2-0: Called Strike 2-1: Swinging Strike 2-2: SINGLE (Line Drive, 6M, EV 107.5 MPH)
|
|
Batting: LHB Ruppert Jones
|
0-0: Ball 1-0: Called Strike 1-1: Called Strike 1-2: Foul Ball, location: 2F 1-2: Foul Ball, location: 2F 1-2: Hit by Pitch Scott Fletcher to second
|
|
Batting: RHB Dave Henderson
|
0-0: Ball 1-0: Fly out, F8 (Flyball, 8RD, EV 91.9 MPH)
|
|
Batting: LHB Reggie Jackson
|
0-0: Ball 1-0: Foul Ball, location: 2F 1-1: Ball 2-1: Ball 3-1: Base on Balls Scott Fletcher to third Ruppert Jones to second
|
|
Batting: RHB George Hendrick
|
0-0: Grounds into double play, 4-6-3 (Groundball, 4, EV 90.0 MPH)
|
| Bottom of the 1st over - 0 runs, 1 hit, 0 errors, 2 left on base; California 1 - Oakland 0 |
| TOP OF THE 2ND |
|
California Angels batting - Pitching for Oakland Athletics : RHP Doug Bird
|
|
Batting: RHB Charlie Moore
|
0-0: Ground out 5-3 (Groundball, 5S, EV 73.8 MPH)
|
|
Batting: SHB Manny Castillo
|
0-0: Called Strike 0-1: Ball 1-1: SINGLE (Line Drive, 9S, EV 100.0 MPH)
|
|
Batting: SHB Ignacio Medina
|
0-0: Foul Ball, location: 2F 0-1: Called Strike 0-2: Fly out, F9 (Flyball, 9, EV 92.5 MPH)
|
|
Batting: RHB Carlos Pimentel
|
0-0: Ball 1-0: Called Strike 1-1: Foul Ball, location: 2F 1-2: Ball 2-2: Foul Ball, location: 2F 2-2: Foul Ball, location: 2F 2-2: Foul Ball, location: 2F 2-2: SINGLE (Flyball, 8LS, EV 95.0 MPH) Manny Castillo to second Runner from 2nd tries for 3rd, OUT! 8-5
|
| Top of the 2nd over - 0 runs, 2 hits, 0 errors, 1 left on base; California 1 - Oakland 0 |
| BOTTOM OF THE 2ND |
|
Oakland Athletics batting - Pitching for California Angels : RHP Raimundo Michel
|
|
Batting: RHB Earl C Williams
|
0-0: Fly out, F8 (Line Drive, 8RD, EV 101.9 MPH)
|
|
Batting: LHB Ben Oglivie
|
0-0: Fly out, F7 (Flyball, 78M, EV 83.8 MPH)
|
|
Batting: RHB Barry Evans
|
0-0: Ball 1-0: Foul Ball, location: 2F 1-1: Ground out 6-3 (Groundball, 6, EV 83.8 MPH)
|
| Bottom of the 2nd over - 0 runs, 0 hits, 0 errors, 0 left on base; California 1 - Oakland 0 |
| TOP OF THE 3RD |
|
California Angels batting - Pitching for Oakland Athletics : RHP Doug Bird
|
|
Batting: RHB Frank White
|
0-0: Ball 1-0: DOUBLE (Line Drive, 89M, EV 98.1 MPH)
|
|
Batting: LHB John Milner
|
0-0: Foul Ball, location: 2F 0-1: Called Strike 0-2: Ball 1-2: Ball 2-2: Foul Ball, location: 2F 2-2: Fly out, F7 (Flyball, 7, EV 93.1 MPH)
|
|
Batting: LHB Jason D Thompson
|
0-0: Called Strike 0-1: Ball 1-1: Ball 2-1: Ground out 6-3 (Groundball, 6, EV 103.1 MPH)
|
|
Batting: LHB Ralph Garr
|
0-0: Swinging Strike 0-1: Fly out, F8 (Flyball, 8LS, EV 87.5 MPH)
|
| Top of the 3rd over - 0 runs, 1 hit, 0 errors, 1 left on base; California 1 - Oakland 0 |
| BOTTOM OF THE 3RD |
|
Oakland Athletics batting - Pitching for California Angels : RHP Raimundo Michel
|
|
Batting: RHB Fred Andrews
|
0-0: Foul Ball, location: 2F 0-1: Called Strike 0-2: Ground out 5-3 (Groundball, 5, EV 110.0 MPH)
|
|
Batting: RHB Scott Fletcher
|
0-0: Called Strike 0-1: Ball 1-1: Ground out 5-3 (Groundball, 5, EV 115.0 MPH)
|
|
Batting: LHB Ruppert Jones
|
0-0: Ball 1-0: Called Strike 1-1: Called Strike 1-2: Ball 2-2: Foul Ball, location: 2F 2-2: Strikes out swinging
|
| Bottom of the 3rd over - 0 runs, 0 hits, 0 errors, 0 left on base; California 1 - Oakland 0 |
| TOP OF THE 4TH |
|
California Angels batting - Pitching for Oakland Athletics : RHP Doug Bird
|
|
Batting: RHB Jeff Atherton
|
0-0: Ball 1-0: SINGLE (Line Drive, 9S, EV 100.0 MPH)
|
|
Batting: RHB Charlie Moore
|
0-0: Ball 1-0: Called Strike 1-1: Called Strike 1-2: Foul Ball, location: 2F 1-2: Foul Ball, location: 2F 1-2: Ball 2-2: SINGLE (Line Drive, 89S, EV 102.5 MPH) Jeff Atherton to second Runner from 2nd tries for 3rd, SAFE, throw by RF made to third
|
|
Batting: SHB Manny Castillo
|
0-0: Ball Charlie Moore steals 2nd base 1-0: Fly out, F8 (Flyball, 8LXD, EV 100.0 MPH) Runner from 3rd tags up, SCORES, no throw by CF
|
|
Batting: SHB Ignacio Medina
|
0-0: Ball Charlie Moore is caught stealing 3rd base 2-5 1-0: Called Strike 1-1: SINGLE (Line Drive, 8RM, EV 85.6 MPH)
|
|
Batting: RHB Carlos Pimentel
|
0-0: Ball 1-0: Ball Ignacio Medina steals 2nd base (no throw) 2-0: 2-RUN HOME RUN (Flyball, 78XD, EV 96.3 MPH), Distance : 400 ft
|
|
Batting: RHB Frank White
|
0-0: Called Strike 0-1: Foul Ball, location: 2F 0-2: Foul Ball, location: 2F 0-2: Foul Ball, location: 2F 0-2: SINGLE (Groundball, 6MD, EV 97.5 MPH)
|
|
Batting: LHB John Milner
|
0-0: Called Strike 0-1: Ball Frank White is caught stealing 2nd base 2-6
|
| Top of the 4th over - 3 runs, 5 hits, 0 errors, 0 left on base; California 4 - Oakland 0 |
| BOTTOM OF THE 4TH |
|
Oakland Athletics batting - Pitching for California Angels : RHP Raimundo Michel
|
|
Batting: RHB Dave Henderson
|
0-0: Ball 1-0: Ground out 4-3 (Groundball, 4, EV 97.5 MPH)
|
|
Batting: LHB Reggie Jackson
|
0-0: Foul Ball, location: 2F 0-1: SINGLE (Line Drive, 9LM, EV 112.5 MPH)
|
|
Batting: RHB George Hendrick
|
0-0: Called Strike 0-1: Ball 1-1: SINGLE (Groundball, 4D, EV 98.1 MPH) Reggie Jackson to second Runner from 2nd tries for 3rd, SAFE, throw by RF made to third
|
|
Batting: RHB Earl C Williams
|
0-0: Ball 1-0: Called Strike 1-1: Ball 2-1: Ball 3-1: Fly out, F3 (Popup, 3, EV 65.6 MPH)
|
|
Batting: LHB Ben Oglivie
|
0-0: Ball 1-0: Ball 2-0: Called Strike 2-1: Foul Ball, location: 2F 2-2: Ball 3-2: Foul Ball, location: 2F 3-2: Fly out, F9 (Flyball, 9LM, EV 93.1 MPH)
|
| Bottom of the 4th over - 0 runs, 2 hits, 0 errors, 2 left on base; California 4 - Oakland 0 |
| TOP OF THE 5TH |
|
California Angels batting - Pitching for Oakland Athletics : RHP Doug Bird
|
|
Batting: LHB John Milner
|
0-0: Ball 1-0: Foul Ball, location: 2F 1-1: Foul Ball, location: 2F 1-2: Ground out 6-3 (Groundball, 6MS, EV 86.3 MPH)
|
|
Batting: LHB Jason D Thompson
|
0-0: Ball 1-0: Ground out 6-3 (Groundball, 6, EV 86.9 MPH)
|
|
Batting: LHB Ralph Garr
|
0-0: Ball 1-0: DOUBLE (Line Drive, 89XD, EV 108.8 MPH)
|
|
Batting: RHB Jeff Atherton
|
0-0: Ground out 4-3 (Groundball, 4D, EV 108.1 MPH)
|
| Top of the 5th over - 0 runs, 1 hit, 0 errors, 1 left on base; California 4 - Oakland 0 |
| BOTTOM OF THE 5TH |
|
Oakland Athletics batting - Pitching for California Angels : RHP Raimundo Michel
|
|
Batting: RHB Barry Evans
|
0-0: Called Strike 0-1: Foul Ball, location: 2F 0-2: Ball 1-2: Ball 2-2: Foul Ball, location: 2F 2-2: Ball 3-2: Fly out, F8 (Flyball, 8LXD, EV 93.8 MPH)
|
|
Batting: RHB Fred Andrews
|
0-0: Called Strike 0-1: Ball 1-1: Ground out 5-3 (Groundball, 56, EV 78.1 MPH)
|
|
Batting: RHB Scott Fletcher
|
0-0: Ball 1-0: Fly out, F8 (Line Drive, 8LM, EV 112.5 MPH)
|
| Bottom of the 5th over - 0 runs, 0 hits, 0 errors, 0 left on base; California 4 - Oakland 0 |
| TOP OF THE 6TH |
|
California Angels batting - Pitching for Oakland Athletics : RHP Doug Bird
|
|
Batting: RHB Charlie Moore
|
0-0: Foul Ball, location: 2F 0-1: Swinging Strike 0-2: Foul Ball, location: 2F 0-2: Ball 1-2: Ball 2-2: Ball 3-2: SINGLE (Flyball, 3D, EV 84.4 MPH)
|
|
Batting: SHB Manny Castillo
|
0-0: Grounds into double play, 3-6-3 (Groundball, 3, EV 86.3 MPH)
|
|
Batting: SHB Ignacio Medina
|
0-0: Ground out 1-3 (Groundball, 34S, EV 68.8 MPH)
|
| Top of the 6th over - 0 runs, 1 hit, 0 errors, 0 left on base; California 4 - Oakland 0 |
| BOTTOM OF THE 6TH |
|
Oakland Athletics batting - Pitching for California Angels : RHP Raimundo Michel
|
|
Batting: LHB Ruppert Jones
|
0-0: Fly out, F9 (Flyball, 9D, EV 103.1 MPH)
|
|
Batting: RHB Dave Henderson
|
0-0: DOUBLE (Groundball, 5L, EV 95.0 MPH)
|
|
Batting: LHB Reggie Jackson
|
0-0: SINGLE (Flyball, 3D, EV 97.5 MPH) Dave Henderson to third Runner from 3rd tries for Home, SAFE, throw by RF to home
|
|
Batting: RHB George Hendrick
|
0-0: Ball 1-0: Foul Ball, location: 2F 1-1: Grounds into double play, 6-4-3 (Groundball, 6S, EV 84.4 MPH)
|
| Bottom of the 6th over - 1 run, 2 hits, 0 errors, 0 left on base; California 4 - Oakland 1 |
| TOP OF THE 7TH |
|
California Angels batting - Pitching for Oakland Athletics : RHP Doug Bird
|
|
Batting: RHB Carlos Pimentel
|
0-0: Foul Ball, location: 2F 0-1: SOLO HOME RUN (Flyball, 89XD, EV 94.4 MPH), Distance : 409 ft
|
|
Batting: RHB Frank White
|
0-0: Ball 1-0: Ball 2-0: Foul Ball, location: 2F 2-1: Ground out 6-3 (Groundball, 6S, EV 88.8 MPH)
|
|
Batting: LHB John Milner
|
0-0: Fly out, F8 (Flyball, 8RXD, EV 98.8 MPH)
|
|
Batting: LHB Jason D Thompson
|
0-0: Ball 1-0: Ball 2-0: Ball 3-0: Called Strike 3-1: Foul Ball, location: 2F 3-2: SINGLE (Groundball, 4MD, EV 100.6 MPH)
|
|
Pitching: RHP DeWayne Buice
|
|
|
Batting: LHB Ralph Garr
|
0-0: SINGLE (Flyball, 89M, EV 90.6 MPH) Jason D Thompson to second Runner from 2nd tries for 3rd, SAFE, throw by RF made to third
|
|
Batting: RHB Jeff Atherton
|
0-0: Ball 1-0: Foul Ball, location: 2F 1-1: Swinging Strike 1-2: Ground out 5-3 (Groundball, 56S, EV 67.5 MPH)
|
| Top of the 7th over - 1 run, 3 hits, 0 errors, 2 left on base; California 5 - Oakland 1 |
| BOTTOM OF THE 7TH |
|
Oakland Athletics batting - Pitching for California Angels : RHP Raimundo Michel
|
|
Batting: RHB Earl C Williams
|
0-0: Called Strike 0-1: Ball 1-1: Ball 2-1: Foul Ball, location: 2F 2-2: Ball 3-2: Fly out, F8 (Flyball, 89D, EV 100.6 MPH)
|
|
Batting: LHB Ben Oglivie
|
0-0: Fly out, F8 (Flyball, 8LM, EV 75.6 MPH)
|
|
Batting: RHB Barry Evans
|
0-0: Foul Ball, location: 2F 0-1: Called Strike 0-2: Ball 1-2: Ball 2-2: SOLO HOME RUN (Flyball, 78XD, EV 109.4 MPH), Distance : 439 ft
|
|
Batting: RHB Fred Andrews
|
0-0: Ball 1-0: Foul Ball, location: 2F 1-1: Ground out 5-3 (Groundball, 56S, EV 65.0 MPH)
|
| Bottom of the 7th over - 1 run, 1 hit, 0 errors, 0 left on base; California 5 - Oakland 2 |
| TOP OF THE 8TH |
|
California Angels batting - Pitching for Oakland Athletics : RHP DeWayne Buice
|
|
Batting: RHB Charlie Moore
|
0-0: Ball 1-0: Foul Ball, location: 2F 1-1: SINGLE (Groundball, 34D, EV 99.4 MPH)
|
|
Batting: SHB Manny Castillo
|
0-0: Ball 1-0: Called Strike 1-1: Ball 2-1: Foul Ball, location: 2F 2-2: Strikes out looking
|
|
Batting: SHB Ignacio Medina
|
0-0: Ball 1-0: Called Strike 1-1: Ball 2-1: Ball 3-1: Called Strike 3-2: Foul Ball, location: 2F 3-2: Strikes out swinging Charlie Moore steals 2nd base Batter strikes out.
|
|
Batting: RHB Carlos Pimentel
|
0-0: Ball 1-0: Ball 2-0: Ball 3-0: Base on Balls
|
|
Batting: RHB Frank White
|
0-0: Foul Ball, location: 2F 0-1: Ground out 4-3 (Groundball, 4, EV 84.4 MPH)
|
| Top of the 8th over - 0 runs, 1 hit, 0 errors, 2 left on base; California 5 - Oakland 2 |
| BOTTOM OF THE 8TH |
|
Oakland Athletics batting - Pitching for California Angels : RHP Raimundo Michel
|
|
Batting: RHB Scott Fletcher
|
0-0: Called Strike 0-1: Foul Ball, location: 2F 0-2: Ball 1-2: Ball 2-2: Foul Ball, location: 2F 2-2: Ball 3-2: Ground out 5-3 (Groundball, 5, EV 82.5 MPH)
|
|
Batting: LHB Ruppert Jones
|
0-0: Called Strike 0-1: Ball 1-1: SINGLE (Line Drive, 9LS, EV 91.3 MPH)
|
|
Batting: RHB Dave Henderson
|
0-0: SINGLE (Groundball, 56D, EV 96.3 MPH) Ruppert Jones to second
|
|
Batting: LHB Reggie Jackson
|
0-0: Ball 1-0: Ball 2-0: Called Strike 2-1: Fielders Choice at 2nd, 4-6 (Groundball, 4MD, EV 101.9 MPH) Ruppert Jones to third
|
|
Pitching: RHP Alfredo Rojas
|
|
|
Batting: RHB George Hendrick
|
0-0: Ball 1-0: Foul Ball, location: 2F 1-1: Ball 2-1: 3-RUN HOME RUN (Flyball, 7D, EV 95.0 MPH), Distance : 363 ft
|
|
Batting: RHB Earl C Williams
|
0-0: Fly out, F9 (Flyball, 9LM, EV 100.0 MPH)
|
| Bottom of the 8th over - 3 runs, 3 hits, 0 errors, 0 left on base; California 5 - Oakland 5 |
| TOP OF THE 9TH |
|
California Angels batting - Pitching for Oakland Athletics : RHP DeWayne Buice
|
|
Batting: LHB John Milner
|
0-0: Called Strike 0-1: Ground out 6-3 (Groundball, 6S, EV 91.9 MPH)
|
|
Batting: LHB Jason D Thompson
|
0-0: Foul Ball, location: 2F 0-1: Ball 1-1: Ground out 6-3 (Groundball, P, EV 86.3 MPH)
|
|
Batting: LHB Ralph Garr
|
0-0: Ball 1-0: Ball 2-0: Called Strike 2-1: Ball 3-1: Foul Ball, location: 2F 3-2: SOLO HOME RUN (Flyball, 9D, EV 90.6 MPH), Distance : 376 ft
|
|
Batting: RHB Jeff Atherton
|
0-0: Called Strike 0-1: Ground out 5-3 (Groundball, 5L, EV 106.9 MPH)
|
| Top of the 9th over - 1 run, 1 hit, 0 errors, 0 left on base; California 6 - Oakland 5 |
| BOTTOM OF THE 9TH |
|
Oakland Athletics batting - Pitching for California Angels : RHP Alfredo Rojas
|
|
Batting: LHB Ben Oglivie
|
0-0: Called Strike 0-1: Swinging Strike 0-2: Foul Ball, location: 2F 0-2: Strikes out swinging
|
|
Batting: RHB Barry Evans
|
0-0: Ball 1-0: Fly out, F9 (Flyball, 9, EV 85.6 MPH)
|
|
Pinch Hitting: SHB Chico Walker
|
0-0: Called Strike 0-1: Ball 1-1: Called Strike 1-2: Foul Ball, location: 2F 1-2: Ground out 6-3 (Groundball, 6MS, EV 70.6 MPH)
|
| Bottom of the 9th over - 0 runs, 0 hits, 0 errors, 0 left on base; California 6 - Oakland 5 |
|